 Seeded DCSS version 0.28-a0-563-gf77a47075d (webtiles) character file.

Game seed: 642837409911815873 (custom seed)

458 a11behringer the Basher (level 6, 0/49 (51) HPs)
             Began as a Minotaur Berserker on Oct 1, 2021.
             Was a Believer of Trog.
             Slain by a gnoll (1 damage)
             ... on level 4 of the Dungeon.
             The game lasted 00:12:12 (3807 turns).

a11behringer the Basher (Minotaur Berserker)        Turns: 3807, Time: 00:12:12

HP:   0/49 (51)     AC:  4    Str: 22    XL:     6   Next: 77%
MP:   5/5           EV: 12    Int:  4    God:    Trog [**....]
Gold: 128           SH:  0    Dex: 11    Spells: 5/5 levels left

rFire   . . .      SeeInvis .   d - +3 whip
rCold   . . .      Faith    .   (no shield)
rNeg    . . .      Spirit   .   l - +0 leather armour
rPois   .          Reflect  .   (helmet restricted)
rElec   .          Harm     .   q - scarf {repulsion}
rCorr   .          Rampage  .   k - +0 pair of gloves
Will    .....                   (no boots)
Stlth   +.........              (no amulet)
HPRegen 0.16/turn               o - +4 ring of slaying
MPRegen 0.09/turn               (no ring)

@: on berserk cooldown, slowed, lightly drained, repel missiles, very slow
A: horns 2, retaliatory headbutt
a: Renounce Religion, Berserk, Trog's Hand


You were on level 4 of the Dungeon.
You worshipped Trog.
Trog was pleased with you.
You visited 1 branch of the dungeon, and saw 4 of its levels.

You collected 264 gold pieces.
You spent 136 gold pieces at shops.

Inventory:

Hand Weapons
 a - a +0 mace
 d - a +3 whip (weapon)
 e - a +1 whip of electrocution
 p - a +0 hunting sling
Missiles
 f - 20 sling bullets
 j - 6 bolts
Armour
 b - a +0 animal skin
 k - a +0 pair of gloves (worn)
 l - a +0 leather armour (worn)
 m - a +0 chain mail
 n - a +2 helmet
 q - a scarf of repulsion (worn)
Jewellery
 o - a +4 ring of slaying (left hand)
Scrolls
 g - a scroll of identify
Potions
 c - a potion of heal wounds {unknown}
 h - a potion of mutation {unknown}
 i - a potion of invisibility


   Skills:
 - Level 3.6 Fighting
 * Level 9.3 Maces & Flails
 - Level 2.4 Armour
 - Level 2.1 Dodging


You had 5 spell levels left.
You didn't know any spells.
Your spell library was empty.

Dungeon Overview and Level Annotations

Branches:
Dungeon (4/15)
 Temple: D:4-7

Altars:

Shops:
D:4 (**


Innate Abilities, Weirdness & Mutations

You have a pair of horns on your head.
You reflexively headbutt those who attack you in melee.


Message History

You barely miss the jackal. The gnoll barely misses you.
The jackal bites you but does no damage.
The gnoll hits you from afar with a +0 spear.
You hit the jackal but do no damage. The jackal barely misses you.
You furiously retaliate!
You headbutt the jackal!
You kill the jackal!
Trog accepts your kill.
The gnoll hits you from afar with a +0 spear.
You hit the giant cockroach but do no damage.
The gnoll hits you from afar with a +0 spear.
The giant cockroach bites you. The gnoll hits you but does no damage.
The giant cockroach closely misses you.
You hit the giant cockroach.
The giant cockroach is heavily wounded.
The gnoll hits you from afar with a +0 spear.
The giant cockroach bites you but does no damage.
You hit the giant cockroach.
You kill the giant cockroach!
Trog accepts your kill. The gnoll barely misses you.
You whack the white imp!
You kill the white imp!
Trog accepts your kill. The gnoll closely misses you.
The gnoll barely misses you.
You whack the gnoll shaman! Your headbutt misses the gnoll shaman.
The gnoll shaman is heavily wounded.
The gnoll hits you from afar with a +0 spear.
* * * LOW HITPOINT WARNING * * *
The gnoll shaman barely misses you. You furiously retaliate!
You headbutt the gnoll shaman. You whack the gnoll shaman!
You kill the gnoll shaman!
Trog accepts your kill.
The gnoll hits you from afar with a +0 spear.
* * * LOW HITPOINT WARNING * * *
The gnoll closely misses you. The gnoll hits you with a +0 spear!
* * * LOW HITPOINT WARNING * * *
The gnoll hits you with a +0 spear.
You die...

#.
####'####.....#..)<.#.#≈≈∩
##
#...#.......###..##.#≈≈≈
##.##.#.#...# #..##.##≈≈
..###..#.#.#.# #......###
#........#.#.# #.####..#.
##.....##....# #.# #....
#.#####..#.## #.# #.... .
#. #.##.# #.# #..#. ...
##@##.# .. #.....
...#####..g..# .. #.#.#.
.....)....<#.......#.#.#.
.#...#..#...........#.##
###..).###...........#
##.).# #......
#)#..∩........
#..........[..<[..
#(................


You could see a gnoll (fast).

Vanquished Creatures
  A black bear (D:4)
  A necrophage (D:2)
  A scorpion (D:3)
  A water moccasin skeleton (D:4)
  A gnoll shaman (D:4)
  3 adders
  3 gnolls (D:4)
  A white imp (D:4)
  2 dart slugs (D:2)
  2 orcs
  An endoplasm (D:4)
  3 giant cockroaches
  12 goblins
  6 hobgoblins
  3 jackals (D:4)
  5 kobolds
  2 quokkas
  6 ball pythons
  10 bats
  7 frilled lizards
  5 rats
76 creatures vanquished.

Notes
Turn   | Place    | Note
-------+----------+-------------------------------------------
     0 | D:1      | a11behringer the Minotaur Berserker began the quest for the
                  | Orb.
     0 | D:1      | Reached XP level 1. HP: 19/19 MP: 0/0
    28 | D:1      | Found a faded altar of an unknown god.
   177 | D:1      | Reached skill level 4 in Maces & Flails
   542 | D:1      | Reached XP level 2. HP: 22/26 MP: 1/1
  1246 | D:2      | Reached skill level 5 in Maces & Flails
  1293 | D:2      | Reached ** piety under Trog
  1294 | D:2      | Reached XP level 3. HP: 10/31 MP: 2/2
  1297 | D:2      | HP: 1/31 [poisoned by an adder]
  1483 | D:2      | Noticed a necrophage
  1492 | D:2      | Killed a necrophage
  1493 | D:2      | Reached skill level 6 in Maces & Flails
  1493 | D:2      | Reached XP level 4. HP: 22/39 MP: 3/3
  1667 | D:2      | Reached XP level 5. HP: 27/45 MP: 4/4
  1833 | D:2      | Reached skill level 7 in Maces & Flails
  3580 | D:4      | Noticed a black bear
  3585 | D:4      | Killed a black bear
  3586 | D:4      | Reached skill level 8 in Maces & Flails
  3586 | D:4      | Reached XP level 6. HP: 51/51 MP: 5/5
  3631 | D:4      | Found Kamp's Assorted Antiques.
  3637 | D:4      | Bought a runed scarf for 136 gold pieces
  3647 | D:4      | Found Zaniurer's Assorted Antiques.
  3782 | D:4      | Reached skill level 9 in Maces & Flails
  3782 | D:4      | Found Duihutesou's Antique Weapon Shop.
  3807 | D:4      | HP: 1/49 [gnoll (8)]
  3807 | D:4      | Slain by a gnoll

Illustrated notes

Levels and vault maps discovered:
D:1:      psy_arrival_spokes, layout_loops_corners,
          hellmonk_ecumenical_altar_lost_god
D:2:      kennysheep_six_static_rooms, layout_basic, grunt_decor_junction,
          minmay_crystal_water
D:3:      layout_basic
D:4:      cheibrodos_greedy_goblins, layout_rooms, serial_shops, shop_statue,
          nicolae_take_the_stairs, nicolae_shop_waterfront, shop, shop

Skill      XL: |  1  2  3  4  5  6 |
---------------+-------------------+-----
Maces & Flails | 4 5 6 8 9 |  9.3
Fighting       | |  3.6
Armour         | |  2.4
Dodging        | |  2.1

Action                   |  1- 3 |  4- 6 || total
-------------------------+-------+-------++-------
Melee: Mace              |    21 |       ||    21
       Headbutt          |     6 |    10 ||    16
       Whip              |    42 |    86 ||   128
Invok: Trog's Hand       |     1 |     1 ||     2
       Berserk           |       |     1 ||     1
  Use: Scroll            |     1 |     4 ||     5
Armor: Animal skin       |    12 |    13 ||    25
       Leather armour    |       |    18 ||    18
Dodge: Dodged            |    38 |    60 ||    98

Table legend: (Time is in decaauts)
 A = Elapsed time spent in this place.
 B = Non-inter-level travel time spent in this place.
 C = Inter-level travel time spent in this place.
 D = Time resting spent in this place.
 E = Time spent auto-exploring this place.
 F = Levels seen in this place.
 G = Mean time per level.
                   A        B        C        D        E       F      G
               +--------+--------+--------+--------+--------+-----+--------+
         Total |   3785 |   2912 |    873 |      0 |   2495 |   4 |  946.2 |
       Dungeon |   3785 |   2912 |    873 |      0 |   2495 |   4 |  946.2 |
               +--------+--------+--------+--------+--------+-----+--------+

Top non-repeatable levels by time:
     D:2: 1210 daAuts
     D:1: 1175 daAuts
     D:3: 1172 daAuts
     D:4: 226 daAuts
